Unix NetHack Version 5.0.0-0 post-release - last build Jul 19 2026 19:10:59 (3aa4ab31751d3886436d94b585a96704892fd477,branch:main).

Game began 2026-07-24 08:59:09, ended 2026-07-24 09:14:36.

LDaviesPeters, neutral female human Archeologist

  ------        `#################
  |....|        #------          #
  |.....#########|..<..#######   #
  |....|        #|....|      #   #####@########
  |.....       ##|.....################o#####
  ---|--        #|....|    ###    -------.----
     #          #-.----      #### C.........C|
     ####       ########        #|.....C.....
        ###           ###########....-----...|
          ##                    #|...|    ...|
           ##########           # ..C.{    ..|
              ------+--         #  ..|.{.| ..|
              |.......+##       #  ..----- ..|
              |.......| #       #   ..     ..|
              |.......| ###     #   ...     C|
              |.......|   #     #   ----    --
              |......!|   ###############
              ---------              ####

LDaviesPeters the Field Worker  St:11 Dx:8 Co:13 In:15 Wi:18 Ch:11  Neutral
Dlvl:5  $:0  HP:0(33) Pw:29(29) AC:8  Xp:4 T:1932 

Latest messages:
 You destroy the dwarf zombie!
 In what direction? 7
 The door resists!
 In what direction? 7
 The door resists!
 In what direction? 7
 The door closes.
 You swap places with your kitten.
 In what direction? 4
 The door resists!
 In what direction? 4
 The door closes.
 You swap places with your kitten.
 You hear the splashing of a naiad.
 The hill orc hits!
 You lash the hill orc.
 You miss the hill orc.
 The hill orc hits!
 You lash the hill orc.
 The hill orc hits!
 You kill the hill orc!
 You see here a steel ring.
 K - a steel ring.
 With great effort you move the boulder.
 You swap places with your kitten.
 You swap places with your kitten.
 Pick a monster, object or location.
 N        a naga (peaceful black naga hatchling)
 You are hit by a crude dagger.
 You swap places with your kitten.
 The hill orc thrusts her crude dagger.
 The hill orc hits!
 The hill orc thrusts her crude dagger.
 The hill orc hits!
 You lash the hill orc.
 The hill orc thrusts her crude dagger.
 The hill orc hits!
 You miss the hill orc.
 The hill orc thrusts her crude dagger.
 The hill orc hits!
 It bites the hill orc.
 The hill orc thrusts her crude dagger at it.
 The hill orc hits it.
 You feel more confident in your weapon skills.
 (Tip: use the #enhance command to advance them.)
 You lash the hill orc.
 The hill orc thrusts her crude dagger.
 The hill orc hits!
 You die...
 Do you want your possessions identified? [ynq] (y) q

Inventory:
 Weapons  (')')
  k - 2 +0 orcish daggers
  a - a +2 bullwhip (weapon in right hand)
 Armor    ('[')
  c - an uncursed +0 fedora
  j - an uncursed +0 orcish helm
  m - an uncursed +0 orcish helm (being worn)
  h - a blessed +0 leather jacket (being worn)
 Comestibles  ('%')
  s - an uncursed cram ration
  d - 3 uncursed food rations
  C - a cursed food ration
  y - 2 uncursed fortune cookies
  r - 2 uncursed tripe rations
 Rings    ('=')
  z - an uncursed ring of poison resistance (on left hand)
  K - a cursed ring of polymorph control
 Wands    ('/')
  D - a wand of cold (0:7)
  t - a wand of make invisible (0:3)
 Tools    ('(')
  b - an uncursed sack containing 3 items
  B - an uncursed blindfold
  G - an uncursed brass lantern
  l - an uncursed oil lamp
  p - a +0 pick-axe (alternate weapon; not wielded)
  f - a tinning kit (0:71)
 Gems/Stones  ('*')
  g - an uncursed touchstone

Contents of the sack:
  57 gold pieces
  an uncursed scroll of enchant weapon
  an uncursed scroll of fire

LDaviesPeters the Archeologist's attributes:

Background:
 You were a Field Worker, a level 4 female human Archeologist.
 You were neutral, nominally on a mission for Camaxtli
 who was opposed by Quetzalcoatl (lawful) and Huhetotl (chaotic).
 You were right-handed.
 You were in the Dungeons of Doom, on level 5.
 You entered the dungeon 1932 turns ago.
 You had 146 experience points, 14 more were needed to attain level 5.

Basics:
 You had 0 out of 33 hit points.
 You had all 29 energy points (spell power).
 Your armor class was 8.
 Your wallet was empty, but
 you had 57 zorkmids stashed away in your pack.
 Autopickup was off.

Final Characteristics:
 Your strength was 11 (limit:18/100).
 Your dexterity was 8 (limit:18).
 Your constitution was 13 (limit:18).
 Your intelligence was 15 (limit:18).
 Your wisdom was 18 (limit:18).
 Your charisma was 11 (limit:18).

Final Status:
 You weren't hungry.
 You were unencumbered.
 You were wielding a whip.
 You had basic skill with whip and could have enhanced that.

Final Attributes:
 You were devoutly aligned.
 You were poison resistant.
 You had automatic searching.
 You are dead.

Miscellaneous:
 You didn't encounter any bones levels.
 Total elapsed playing time was 15 minutes and 26 seconds.

Major events:
 Turn
    1: LDaviesPeters the neutral female human Archeologist entered the dungeon
  352: entered the Gnomish Mines
  889: attained the rank of Field Worker (level 3)
 1932: killed by a hill orc

Spells:
 Name                 Level Category     Fail Retention
 clairvoyance           3   divination   100%  76%-100%

Skills:
 Fighting Skills
   bare handed combat [Unskilled]
   two weapon combat  [Unskilled]
   riding             [Unskilled]
 Weapon Skills
   dagger             [Unskilled]
   knife              [Unskilled]
   pick-axe           [Basic]
   short sword        [Unskilled]
   saber              [Unskilled]
   club               [Unskilled]
   quarterstaff       [Unskilled]
   sling              [Unskilled]
   dart               [Unskilled]
   boomerang          [Unskilled]
   whip               [Basic]
   unicorn horn       [Unskilled]
 Spellcasting Skills
   attack spells      [Unskilled]
   healing spells     [Unskilled]
   divination spells  [Unskilled]
   matter spells      [Unskilled]

Voluntary challenges:
 Character rerolling was not enabled.
 You were an atheist.
 You never genocided any monsters.
 You never polymorphed an object.
 You never changed form.
 You used no wishes.
Achievements:
 You entered the Gnomish Mines.
 You attained the rank of Field Worker.

 The Dungeons of Doom: levels 1 to 5
    Level 1:
       A fountain.
    Level 2:
       Some fountains.
       Stairs down to The Gnomish Mines.
    Level 3:
       A fountain.
    Level 4:
       A grave.
    Level 5: <- You were here.
       Some fountains.
       Final resting place for
          you, killed by a hill orc.
 The Gnomish Mines:
    Level 3:


Vanquished creatures:
  3 fog clouds
  a gnome leader
  a straw golem
  a hill orc
  2 dwarf zombies
  2 iguanas
 an acid blob
  a coyote
  8 jackals
  2 goblins
  a sewer rat
  8 grid bugs
  a lichen
  a kobold zombie
  3 newts
36 creatures vanquished.

No species were genocided or became extinct.

Game over:
                       ----------
                      /          \
                     /    REST    \
                    /      IN      \
                   /     PEACE      \
                  /                  \
                  |  LDaviesPeters   |
                  |      57 Au       |
                  | killed by a hill |
                  |       orc        |
                  |                  |
                  |                  |
                  |       2026       |
                 *|     *  *  *      | *
        _________)/\\_//(\/(/\)/\//\/|_)_______

Goodbye LDaviesPeters the Archeologist...

You died in The Dungeons of Doom on dungeon level 5 with 836 points,
and 57 pieces of gold, after 1932 moves.
You were level 4 with a maximum of 33 hit points when you died.

